 Dungeon Crawl Stone Soup version 0.23.2 (webtiles) character file.

Game seed: 15117405279066228799

161 Illumine the Magician (level 5, 0/24 HPs)
             Began as a Spriggan Conjurer on Oct 14, 2019.
             Killed by nerve-wracking pain
             ... invoked by Grinder
              (14 damage)
             ... on level 3 of the Dungeon.
             The game lasted 00:05:19 (2574 turns).

Illumine the Magician (Spriggan Conjurer)           Turns: 2574, Time: 00:05:20

Health: 0/24       AC:  4    Str:  4    XL:     5   Next: 19%
Magic:  4/14       EV: 18    Int: 18    God:
Gold:   169        SH:  0    Dex: 16    Spells: 9/15 levels left

rFire    . . .     SeeInvis +   l - +0 short sword
rCold    + . .     Gourm    .   (shield restricted)
rNeg     . . .     Faith    .   a - +0 robe
rPois    .         Spirit   .   (helmet restricted)
rElec    .         Reflect  .   j - +1 cloak
rCorr    .         Harm     .   (gloves unavailable)
MR       .....                  (boots unavailable)
Stlth    ++........             (no amulet)
HPRegen  0.08/turn              i - ring of protection from cold
MPRegen  0.14/turn              d - ring of wizardry

@: very quick
A: very small, unfitting armour, see invisible, herbivore, speed 3, slow
metabolism 2
a: no special abilities


You were on level 3 of the Dungeon.
You were not hungry.

You visited 1 branch of the dungeon, and saw 4 of its levels.

You collected 169 gold pieces.

Inventory:

Hand Weapons
 l - a +0 short sword (weapon)
 m - a +0 spear
 n - a +0 war axe
Missiles
 k - 13 tomahawks (quivered)
Armour
 a - a +0 robe (worn)
 j - a +1 cloak (worn)
Jewellery
 d - a ring of wizardry (right hand)
 i - a ring of protection from cold (left hand)
Scrolls
 f - a scroll of remove curse
 g - 2 scrolls of teleportation
 h - a scroll of immolation {unknown}
 p - a scroll of amnesia
 q - a scroll of blinking {unknown}
Potions
 b - 2 potions of lignification {unknown}
 e - a potion of brilliance {unknown}
 o - 4 potions of curing {unknown}
Comestibles
 c - a ration


   Skills:
 - Level 3.0 Dodging
 - Level 3.0 Stealth
 + Level 5.7 Spellcasting
 + Level 3.6 Conjurations


You had 9 spell levels left.
You knew the following spells:

 Your Spells              Type           Power        Failure   Level  Hunger
a - Magic Dart            Conj           ###.         1%          1    None
b - Searing Ray           Conj           ###...       1%          2    None
c - Dazzling Spray        Conj/Hex       ##....       7%          3    ##.....

Your spell library contained the following spells:

 Spells                   Type           Power        Failure   Level  Hunger
 Iskenderun's Mystic Bla  Conj           ###.....     11%         4    ####...
 Force Lance              Conj/Tloc      ##......     22%         4    ####...
 Fulminant Prism          Conj/Hex       ##........   22%         4    ####...


Dungeon Overview and Level Annotations

Branches:
Dungeon (4/15)
 Temple: D:4-7

Altars:
Kikubaaqudgha
Yredelemnul

Annotations:
D:3 Grinder


Innate Abilities, Weirdness & Mutations

You are very small and have problems with some larger weapons.
You are too small for most types of armour.
You have supernaturally acute eyesight. (SInv)
You are a herbivore.
You cover ground extremely quickly.
You need to consume almost no food.


Message History

Confirm with . or Enter, or press ? or * to list all spells.
Aiming: Searing Ray (safe; 1% risk of failure)
Press: ? - help, Shift-Dir - straight line, f/p - Grinder
Aim: Grinder (lightly wounded, blind, hasn't noticed you)
The searing ray hits Grinder.
Grinder is lightly wounded. (Press . to maintain the ray.)
The searing ray hits Grinder!
Grinder is moderately wounded.
Grinder is no longer blind.
The searing ray hits Grinder.
Grinder is heavily wounded.
Grinder misses you.
The searing ray hits Grinder!
Grinder is severely wounded.
You finish channeling your searing ray.
Grinder gestures at you. Pain shoots through your body!
Ouch! That really hurt!
You die...

#.# #.# #......#... #.#
... ######...#+##... #.#
#.#.######........#.#....
...
.........................
#########.######.#...##.
...........#........##.
########.#.#.#.#....#..
#...#.# #......#..
#@#.#.#...#.######
#5#.#.###.#.. #.###'###
#. #...g...# #. ##......#
#†.....# #).....#
#......# #....(.#


You could see Grinder.

Vanquished Creatures
  An orc priest (D:3)
  Natasha (D:3)
  3 gnolls (D:2)
  An adder (D:2)
  2 oozes (D:1)
  2 worms (D:2)
  2 dart slugs
  3 leopard geckos
  3 orcs (D:3)
  3 bats (D:1)
  2 giant cockroaches
  8 goblins
  6 hobgoblins
  6 frilled lizards
  A kobold (D:2)
  2 rats
46 creatures vanquished.

Notes
Turn   | Place    | Note
-------+----------+-------------------------------------------
     0 | D:1      | Illumine the Spriggan Conjurer began the quest for the Orb.
     0 | D:1      | Reached XP level 1. HP: 9/9 MP: 5/5
   125 | D:1      | Reached skill level 3 in Spellcasting
   315 | D:1      | Reached XP level 2. HP: 13/13 MP: 0/7
   386 | D:1      | Learned a level 2 spell: Searing Ray
   519 | D:1      | Reached skill level 4 in Spellcasting
   813 | D:1      | Reached XP level 3. HP: 16/16 MP: 4/9
  1019 | D:1      | Learned a level 3 spell: Dazzling Spray
  1363 | D:2      | Found a basalt altar of Yredelemnul.
  1392 | D:2      | Reached skill level 5 in Spellcasting
  1467 | D:2      | Reached XP level 4. HP: 21/21 MP: 1/12
  1598 | D:2      | Found an ancient bone altar of Kikubaaqudgha.
  1848 | D:2      | You fall through a shaft for 2 floors!
  2394 | D:3      | Noticed Natasha
  2400 | D:3      | Killed Natasha
  2400 | D:3      | Reached XP level 5. HP: 24/24 MP: 7/14
  2493 | D:3      | Noticed Grinder
  2574 | D:3      | Killed from afar by Grinder

Skill      XL: |  1  2  3 |
---------------+----------+-----
Spellcasting   | 3 4 5 |  5.7
Conjurations   | 3 |  3.6
Dodging        | |  3.0
Stealth        | |  3.0

Action                   |  1- 3 |  4- 6 || total
-------------------------+-------+-------++-------
 Cast: Magic Dart        |    69 |    32 ||   101
       Searing Ray       |     3 |     8 ||    11
       Dazzling Spray    |       |     2 ||     2
  Use: Scroll            |       |     6 ||     6
Armor: Robe              |       |     1 ||     1
Dodge: Dodged            |    13 |     6 ||    19
